[Event "Titled Tuesday Blitz May 9 Early 2023"]
[White "Mazurkiewicz, Michal"]
[Black "Feinig, Mario"]
[WhiteFideId "1124943"]
[BlackFideId "1618113"]
[WhiteElo "2054"]
[BlackElo "2163"]
[Result "1-0"]
[Round "09"]
[TimeControl "180+2"]
[Date "2023.05.09"]
[WhiteClock "0:00:09"]
[BlackClock "0:00:08"]

1. e4 c5 2. Nf3 Nc6 3. g3 d5 4. exd5 Qxd5 5. Nc3 Qe6+ 6. Qe2 Qxe2+ 7. Bxe2 e5 8. d3 f6 9. Nd5 Kd8 10. Nd2 Be6 11. Ne3 Nd4 12. Bd1 h5 13. c3 Nc6 14. h4 Bd6 15. Ne4 Kc7 16. Nxd6 Kxd6 17. Bf3 Rd8 18. a4 Kc7 19. a5 Rxd3 20. a6 b6 21. Be4 Rd7 22. Bd2 Nge7 23. b4 Rhd8 24. O-O-O cxb4 25. cxb4 Nd4 26. Kb2 Nd5 27. Nc4 Kb8 28. Rhe1 Nxb4 29. Nxb6 Rd6 30. Na4 Rxa6 31. Nc5 Ra2+ 32. Kb1 Ra5 33. Bxb4 Rb5 34. Ka1 Rxb4 35. Na6+ Kc8 36. Nxb4 Kd7 37. Nc2 Ke7 38. Nxd4 Rc8 39. Nxe6 Kxe6 40. Bg2 Ke7 41. Rc1 Rc5 42. Rxc5 a6 43. Rc7+ Ke6 44. Bh3+ Kd6 45. Rd7+ Kc5 46. Rc1+ Kb4 47. Rb7+ Ka5 48. Rc2 Ka4 49. Ra2# 1-0


[Site "https://www.chess.com"]

[Event "Titled Tuesday Blitz May 9 Early 2023"]
[White "Tarasova, Viktoriya"]
[Black "Samaganova, Aleksandra"]
[WhiteFideId "4175840"]
[BlackFideId "13800221"]
[WhiteElo "2182"]
[BlackElo "1858"]
[Result "1-0"]
[Round "09"]
[TimeControl "180+2"]
[Date "2023.05.09"]
[WhiteClock "0:00:01"]
[BlackClock "0:00:00"]

1. d4 Nf6 2. c4 e6 3. Nc3 Bb4 4. Nf3 b6 5. e3 Bb7 6. Bd3 O-O 7. O-O Bxc3 8. bxc3 Ne4 9. Ba3 d6 10. Qc2 f5 11. Rad1 Nd7 12. Nd2 Ndf6 13. f3 Nxd2 14. Qxd2 Qd7 15. c5 Qa4 16. Qb2 Nd5 17. Rfe1 Nxe3 18. Rc1 Nc4 19. Bxc4 Qxc4 20. cxd6 cxd6 21. Bxd6 Rf6 22. Qb3 Rc8 23. Be5 Rg6 24. Kh1 Qd3 25. c4 Qd2 26. g3 Rh6 27. h4 g5 28. Rcd1 Qa5 29. Kg2 g4 30. Rf1 gxf3+ 31. Rxf3 Rg6 32. Kf2 Bxf3 33. Kxf3 Qa6 34. h5 Qb7+ 35. Kf2 Rg4 36. Qe3 Qf7 37. c5 bxc5 38. dxc5 Rf8 39. Rd6 Re8 40. h6 Qh5 41. Ke2 Qh2+ 42. Kd3 Qh1 43. Kc3 Qa1+ 44. Kb3 Rb8+ 45. Ka3 Qb1 46. Qc3 Qb5 47. Bh8 1-0


[Site "https://www.chess.com"]

[Event "Titled Tuesday Blitz May 9 Early 2023"]
[White "Ramirez, Maria Eugenia"]
[Black "Luberanski, Jakub"]
[WhiteFideId "3301680"]
[BlackFideId "21830509"]
[WhiteElo "1842"]
[BlackElo "2255"]
[Result "0-1"]
[Round "09"]
[TimeControl "180+2"]
[Date "2023.05.09"]
[WhiteClock "0:00:01"]
[BlackClock "0:00:20"]

1. e4 e5 2. Nf3 Nc6 3. Nc3 Nf6 4. Bb5 a6 5. Bxc6 dxc6 6. O-O Bg4 7. d3 Bc5 8. Be3 Bd6 9. h3 Bh5 10. d4 exd4 11. Bxd4 c5 12. Be3 O-O 13. g4 Nxg4 14. hxg4 Bxg4 15. e5 Qd7 16. exd6 Qf5 17. Qd5 Qg6 18. Qg5 Bxf3 19. Qxg6 fxg6 20. dxc7 Rac8 21. Bxc5 Rf5 22. Bd6 Rh5 23. Bh2 Rxc7 24. Rfe1 Rc4 25. Ne2 Rch4 26. Ng3 Rxh2 27. Re8+ Kf7 28. Re3 Rh1+ 29. Nxh1 Rxh1# 0-1


[Site "https://www.chess.com"]

[Event "Titled Tuesday Blitz May 9 Early 2023"]
[White "petr577"]
[Black "Antonio, Jorge Carlos"]
[BlackFideId "113190"]
[WhiteElo "2208"]
[BlackElo "2247"]
[Result "1-0"]
[Round "09"]
[TimeControl "180+2"]
[Date "2023.05.09"]
[WhiteClock "0:00:16"]
[BlackClock "0:00:00"]

1. e4 c5 2. Nf3 e6 3. d3 Nc6 4. Nbd2 d6 5. g3 g6 6. Bg2 Bg7 7. O-O Nge7 8. Re1 O-O 9. h4 h5 10. c3 Rb8 11. a4 b6 12. Nf1 a6 13. d4 cxd4 14. cxd4 d5 15. e5 a5 16. Bg5 Ba6 17. Ne3 b5 18. g4 bxa4 19. gxh5 gxh5 20. Nh2 Qd7 21. Qxh5 Nxd4 22. Nhg4 f5 23. exf6 Qe8 24. Qxe8 Rbxe8 25. fxe7 Rf7 26. Rxa4 Kh7 27. Rxa5 Bd3 28. Ra4 Be4 29. Bxe4+ dxe4 30. Rd1 Nf3+ 31. Kg2 Bxb2 32. Rxe4 Nxg5 33. hxg5 Rexe7 34. Rd6 Kg6 35. f4 Rxf4 36. Rxf4 Kxg5 37. Re4 Kg6 38. Rexe6+ 1-0


[Site "https://www.chess.com"]

[Event "Titled Tuesday Blitz May 9 Early 2023"]
[White "Dahlgren, James Allen"]
[Black "Iskusnyh, Sergei"]
[WhiteFideId "22256873"]
[BlackFideId "4120027"]
[WhiteElo "2213"]
[BlackElo "2492"]
[Result "0-1"]
[Round "09"]
[TimeControl "180+2"]
[Date "2023.05.09"]
[WhiteClock "0:00:45"]
[BlackClock "0:00:41"]

1. d3 d5 2. f4 g6 3. Nf3 Bg7 4. g3 c6 5. Bg2 Nh6 6. O-O Qb6+ 7. Kh1 Bxb2 8. Bxb2 Qxb2 9. Nbd2 Nf5 10. Qc1 Qxc1 11. Raxc1 Ne3 12. Rfe1 O-O 13. Nf1 Nxg2 14. Kxg2 Nd7 15. e4 dxe4 16. dxe4 Nc5 17. N1d2 Rd8 18. Nb3 Na4 19. c4 b6 20. Kf2 c5 21. Ke3 Ba6 22. Ne5 Rd6 23. Red1 Rad8 24. Rxd6 Rxd6 25. Rc2 f6 26. Ng4 Rd1 27. e5 Kf7 28. h4 Bc8 29. Nf2 Rg1 30. Kf3 Bb7+ 31. Ke3 Rxg3+ 0-1


[Site "https://www.chess.com"]

[Event "Titled Tuesday Blitz May 9 Early 2023"]
[White "Fernandez Siles, Luis"]
[Black "Rodriguez Santiago, Jaime"]
[WhiteFideId "2209420"]
[BlackFideId "3100898"]
[WhiteElo "2195"]
[BlackElo "2025"]
[Result "1-0"]
[Round "09"]
[TimeControl "180+2"]
[Date "2023.05.09"]
[WhiteClock "0:00:19"]
[BlackClock "0:00:13"]

1. e4 c6 2. d4 d5 3. exd5 cxd5 4. c4 e6 5. Nc3 Nf6 6. Nf3 Be7 7. cxd5 Nxd5 8. Bd3 h6 9. O-O O-O 10. Re1 Nc6 11. a3 Bf6 12. Bc2 Be7 13. Qd3 f5 14. Nxd5 Qxd5 15. Bb3 Qd6 16. Bd2 Kh7 17. Bc3 Bf6 18. Rad1 Ne7 19. Bb4 Qd8 20. Bxe6 Bxe6 21. Rxe6 Rf7 22. d5 g6 23. d6 Nc6 24. Bc3 Bxc3 25. Qxc3 Qd7 26. Ree1 Rd8 27. Ne5 Nxe5 28. Qxe5 a6 29. h4 b5 30. h5 g5 31. Rd5 f4 32. Qe4+ Kg7 33. Qg6+ Kf8 34. Qxh6+ Rg7 35. Re7 1-0


[Site "https://www.chess.com"]

[Event "Titled Tuesday Blitz May 9 Early 2023"]
[White "Zaichenko, Daria"]
[Black "Marcziter, Dmitrii"]
[WhiteFideId "4197453"]
[BlackFideId "13900765"]
[WhiteElo "2039"]
[BlackElo "2162"]
[Result "0-1"]
[Round "09"]
[TimeControl "180+2"]
[Date "2023.05.09"]
[WhiteClock "0:00:14"]
[BlackClock "0:00:05"]

1. e4 c5 2. Nf3 a6 3. d4 cxd4 4. Nxd4 Nf6 5. Nc3 d6 6. Bd3 g6 7. O-O Bg7 8. a4 Nc6 9. Nb3 O-O 10. h3 Be6 11. Be3 Rc8 12. f4 Nb4 13. Be2 Bc4 14. a5 Bxe2 15. Qxe2 Nd7 16. Bd4 e5 17. fxe5 dxe5 18. Be3 Qe7 19. Rad1 Rfd8 20. Nd5 Nxd5 21. exd5 f5 22. c4 Nf6 23. d6 Rxd6 24. Bc5 Rxc5 25. Nxc5 Rxd1 26. Rxd1 Qxc5+ 27. Kh2 Qxa5 28. Qd3 Bf8 29. Qb3 Qc7 30. g3 Bc5 31. Qa4 f4 32. gxf4 exf4 33. Qc2 f3+ 34. Kh1 Qg3 35. Qh2 Qxh2+ 36. Kxh2 Ne4 37. Rd3 f2 38. Kg2 Kg7 39. b4 Bxb4 40. Re3 Nf6 41. Re5 Be1 42. Re7+ Kh6 43. Rxb7 Ne4 44. Rf7 Nd2 45. c5 f1=Q+ 46. Rxf1 Nxf1 47. Kxf1 Bg3 48. Kg2 Bc7 49. Kf3 Kg5 0-1


[Site "https://www.chess.com"]

[Event "Titled Tuesday Blitz May 9 Early 2023"]
[White "Smith, Shreyas"]
[Black "Melikhov, Evgeny V."]
[WhiteFideId "7400713"]
[BlackFideId "4122046"]
[WhiteElo "2151"]
[BlackElo "2158"]
[Result "1-0"]
[Round "09"]
[TimeControl "180+2"]
[Date "2023.05.09"]
[WhiteClock "0:00:05"]
[BlackClock "0:00:00"]

1. e4 c5 2. Nf3 d6 3. Bb5+ Nd7 4. a4 a6 5. Be2 b6 6. Nc3 Bb7 7. d4 cxd4 8. Qxd4 e5 9. Qe3 Rc8 10. O-O Ngf6 11. Rd1 Be7 12. Nd2 O-O 13. h3 h6 14. Bd3 d5 15. exd5 Nxd5 16. Nxd5 Bxd5 17. c3 Bc5 18. Qe2 a5 19. Ba6 Qg5 20. Ne4 Bxe4 21. Bxg5 hxg5 22. Bxc8 Nf6 23. Ba6 Re8 24. Bb5 Re7 25. Rd8+ Kh7 26. Bd3 Bxd3 27. Qxd3+ e4 28. Qg3 e3 29. fxe3 Rxe3 30. Qxe3 Bxe3+ 31. Kh1 g4 32. Rf1 gxh3 33. gxh3 Kg6 34. Rxf6+ Kxf6 35. Rd6+ Ke5 36. Rd7 Ke6 37. Rd8 Ke7 38. Rb8 g5 39. Kg2 f5 40. Kf3 Bc1 41. Rxb6 Kd7 42. b3 Bd2 43. c4 Ke7 44. Rb5 Ke6 45. Rd5 Bc3 46. Ke3 g4 47. hxg4 fxg4 48. Kf4 1-0


[Site "https://www.chess.com"]

[Event "Titled Tuesday Blitz May 9 Early 2023"]
[White "Srdanovic, Jovana"]
[Black "Mohammed, Zozek Salah Mohammed"]
[WhiteFideId "954810"]
[BlackFideId "4803361"]
[WhiteElo "2169"]
[BlackElo "2211"]
[Result "0-1"]
[Round "09"]
[TimeControl "180+2"]
[Date "2023.05.09"]
[WhiteClock "0:00:12"]
[BlackClock "0:02:02"]

1. d4 d5 2. c4 c6 3. Nf3 Nf6 4. Nc3 e6 5. Bg5 Nbd7 6. e3 h6 7. Bxf6 Nxf6 8. Bd3 dxc4 9. Bxc4 b5 10. Bd3 Bb7 11. O-O a6 12. Rc1 Rc8 13. Ne4 Nxe4 14. Bxe4 Bd6 15. a4 Qe7 16. axb5 cxb5 17. Rxc8+ Bxc8 18. Bc6+ Bd7 19. Bxd7+ Qxd7 20. Qd3 O-O 21. Nd2 Rc8 22. Ne4 Be7 23. h3 a5 24. Ra1 a4 25. Nc3 Rc4 26. d5 Bf6 27. Rd1 Bxc3 28. bxc3 a3 29. dxe6 Qxd3 30. exf7+ Kxf7 31. Rxd3 a2 32. Rd7+ Ke6 33. Ra7 Ra4 0-1


[Site "https://www.chess.com"]

[Event "Titled Tuesday Blitz May 9 Early 2023"]
[White "Tarnowska, Aleksandra"]
[Black "Hoffmann, Asa"]
[WhiteFideId "1180967"]
[BlackFideId "2001470"]
[WhiteElo "1776"]
[BlackElo "2117"]
[Result "0-1"]
[Round "09"]
[TimeControl "180+2"]
[Date "2023.05.09"]
[WhiteClock "0:00:00"]
[BlackClock "0:01:03"]

1. e4 d6 2. d4 Nf6 3. Nc3 c6 4. Be3 Ng4 5. Qd2 Nxe3 6. fxe3 g6 7. O-O-O Bh6 8. Bc4 e6 9. h4 a5 10. g4 b5 11. Bd3 a4 12. Nce2 Nd7 13. g5 Bg7 14. Nf3 Qa5 15. h5 Qxd2+ 16. Rxd2 Bb7 17. hxg6 hxg6 18. Rxh8+ Bxh8 19. Nf4 Ke7 20. Rh2 Bg7 21. Rh7 Rg8 22. Nh2 e5 23. Ne2 Nf8 24. Rh3 Ne6 25. c3 Nxg5 26. Rg3 Ne6 27. d5 cxd5 28. exd5 Nc5 29. Bxb5 Bxd5 30. c4 Be6 31. Nc3 a3 32. b4 Nd7 33. Kc2 Rh8 34. Nf3 Bh6 35. Ng5 Bxg5 36. Rxg5 Rh3 37. Nd1 Kf6 38. Rg2 d5 39. Rf2+ Ke7 40. Kb3 d4 41. Kxa3 dxe3 42. Re2 Nb6 43. c5 Nc4+ 44. Kb3 Nd2+ 45. Kc2 Nf1 46. a4 f5 47. a5 f4 48. Bc6 Bc8 49. b5 f3 50. Bxf3 Rxf3 51. a6 Nd2 52. a7 Bb7 53. c6 Ba8 54. Nc3 Nc4 55. Nd5+ Kd6 56. Nb6 Bxc6 57. bxc6 Nxb6 58. Rd2+ Kxc6 59. Rd8 Rf2+ 60. Kd3 e2 61. Kd2 e4 62. a8=Q+ Nxa8 63. Rxa8 Kd5 64. Rd8+ Ke5 65. Re8+ Kf4 66. Ke1 Rh2 67. Rf8+ Ke3 68. Rf3+ Kxf3 69. Kd2 e1=Q+ 0-1


[Site "https://www.chess.com"]

[Event "Titled Tuesday Blitz May 9 Early 2023"]
[White "Michelle Catherina, P"]
[Black "Winkels, Marcel"]
[WhiteFideId "5005736"]
[BlackFideId "1003887"]
[WhiteElo "2049"]
[BlackElo "1900"]
[Result "1-0"]
[Round "09"]
[TimeControl "180+2"]
[Date "2023.05.09"]
[WhiteClock "0:00:31"]
[BlackClock "0:00:00"]

1. d4 Nf6 2. Nc3 d5 3. Bf4 c5 4. e3 cxd4 5. Nb5 Na6 6. exd4 e6 7. Nf3 Be7 8. c3 O-O 9. Bd3 Bd7 10. a4 Bxb5 11. axb5 Nc7 12. O-O Qd7 13. Ne5 Qd8 14. Qe2 h6 15. Bc2 Bd6 16. Qd3 Qe8 17. Ng4 Ne4 18. Bxd6 f5 19. Bxc7 fxg4 20. f3 gxf3 21. gxf3 Qf7 22. Be5 Qg6+ 23. Kh1 1-0


[Site "https://www.chess.com"]

[Event "Titled Tuesday Blitz May 9 Early 2023"]
[White "Fabris, Alberto"]
[Black "Hinds, Nathan"]
[WhiteFideId "801348"]
[BlackFideId "7400730"]
[WhiteElo "2171"]
[BlackElo "2001"]
[Result "1-0"]
[Round "09"]
[TimeControl "180+2"]
[Date "2023.05.09"]
[WhiteClock "0:00:22"]
[BlackClock "0:00:00"]

1. e4 c6 2. d4 d5 3. exd5 cxd5 4. Bd3 Nc6 5. c3 Qc7 6. Qb3 Nf6 7. h3 g6 8. Bg5 Bg7 9. Nf3 Bf5 10. Bxf5 gxf5 11. Bxf6 Bxf6 12. Qxd5 e6 13. Qb5 a6 14. Qa4 O-O 15. Nbd2 b5 16. Qd1 b4 17. O-O bxc3 18. bxc3 Na5 19. Rc1 Rac8 20. Qa4 Nc4 21. Nxc4 Qxc4 22. Qxc4 Rxc4 23. Rc2 Rfc8 24. Rfc1 a5 25. Kf1 a4 26. Ke2 a3 27. Kd3 R4c7 28. Rb1 Rd7 29. Rb3 e5 30. Kd2 exd4 31. cxd4 Rxc2+ 32. Kxc2 Ra7 33. Kd3 Kf8 34. Nd2 Rd7 35. Rb4 Bg5 36. Nb3 Re7 37. Ra4 Re1 38. Rxa3 Rf1 39. Ke2 Rb1 40. Nc5 Rb2+ 41. Kf3 Bf6 42. Nb3 Rc2 43. Ra7 Rc3+ 44. Ke2 Rc2+ 45. Kf1 Bg5 46. a4 Be7 47. Rb7 Rb2 48. a5 Bd6 49. a6 1-0


[Site "https://www.chess.com"]

[Event "Titled Tuesday Blitz May 9 Early 2023"]
[White "Ismayilova, Khanim"]
[Black "Zampronha, Wladimir Camilo"]
[WhiteFideId "13429019"]
[BlackFideId "2103087"]
[WhiteElo "1633"]
[BlackElo "2176"]
[Result "0-1"]
[Round "09"]
[TimeControl "180+2"]
[Date "2023.05.09"]
[WhiteClock "0:00:35"]
[BlackClock "0:01:34"]

1. c4 Nf6 2. Nc3 e6 3. e4 c5 4. e5 Ng8 5. Nf3 Nc6 6. d4 cxd4 7. Nxd4 Nxe5 8. Ndb5 f6 9. Nd6+ Bxd6 10. Qxd6 Nf7 11. Qb4 Ne7 12. Bd3 O-O 13. O-O Nc6 14. Qb3 Kh8 15. Be3 d6 16. a3 Nce5 17. Be4 a6 18. f4 Ng4 19. Bb6 Qd7 20. Na4 f5 21. Bf3 Nf6 22. Bd4 Qe7 23. Nb6 Rb8 24. Nxc8 Rbxc8 25. Qxb7 Qxb7 26. Bxb7 Rxc4 27. Bxf6 gxf6 28. Bxa6 Rc2 29. b4 Ra8 30. b5 d5 31. Rfc1 Rc4 32. Rxc4 dxc4 33. Rc1 Nd6 34. a4 Kg7 35. Rd1 Ne4 36. Rd4 c3 37. Bb7 c2 38. Rc4 Rxa4 39. Rxc2 Ra1+ 40. Rc1 Rxc1# 0-1


[Site "https://www.chess.com"]

[Event "Titled Tuesday Blitz May 9 Early 2023"]
[White "Hirneise, Jens"]
[Black "Cramling Bellon, Anna"]
[WhiteFideId "24614734"]
[BlackFideId "32009232"]
[WhiteElo "2345"]
[BlackElo "1976"]
[Result "1-0"]
[Round "09"]
[TimeControl "180+2"]
[Date "2023.05.09"]
[WhiteClock "0:01:40"]
[BlackClock "0:00:02"]

1. Nf3 d6 2. d4 e6 3. e4 Nd7 4. c3 Ne7 5. Bd3 Ng6 6. h4 h5 7. e5 dxe5 8. Bxg6 fxg6 9. Bg5 Be7 10. Qc2 Nf8 11. Bxe7 Qxe7 12. Nxe5 Qf6 13. Na3 Bd7 14. O-O-O O-O-O 15. Nac4 Bb5 16. Ne3 Nd7 17. Nxg6 Rh6 18. Ne5 Nxe5 19. dxe5 Rxd1+ 20. Rxd1 Qxe5 21. Qd2 Rh8 22. Qd4 Qxd4 23. Rxd4 Rf8 24. f3 c5 25. Re4 Kd7 26. Re5 g6 27. Rxc5 Bc6 28. Rg5 Rf6 29. Nc4 Kc7 30. Ne5 Rf5 31. Nxg6 Rf7 32. Ne5 Re7 33. Nxc6 Kxc6 34. Rxh5 Rg7 35. Rg5 b5 36. Rxg7 1-0


[Site "https://www.chess.com"]

[Event "Titled Tuesday Blitz May 9 Early 2023"]
[White "KSho99"]
[Black "Llanos, Guillermo"]
[BlackFideId "100358"]
[WhiteElo "2152"]
[BlackElo "2225"]
[Result "1-0"]
[Round "09"]
[TimeControl "180+2"]
[Date "2023.05.09"]
[WhiteClock "0:00:53"]
[BlackClock "0:00:51"]

1. Nf3 d5 2. e3 c5 3. b3 Nf6 4. Bb2 g6 5. Bb5+ Bd7 6. Bxd7+ Nbxd7 7. O-O Bg7 8. d3 O-O 9. Nbd2 Re8 10. Ne5 Qc7 11. f4 Nxe5 12. Bxe5 Qb6 13. Qf3 Rad8 14. g4 Nd7 15. Bxg7 Kxg7 16. Qxd5 e5 17. Nc4 Qc7 18. Nd6 Re6 19. Nxf7 Rde8 20. f5 gxf5 21. gxf5 Rc6 22. Ng5 Nf6 23. Qf3 Kh8 24. Kh1 b5 25. Rg1 c4 26. Qxc6 1-0


[Site "https://www.chess.com"]

[Event "Titled Tuesday Blitz May 9 Early 2023"]
[White "Kuchava, Ana"]
[Black "Flis, Pawel"]
[WhiteFideId "13605348"]
[BlackFideId "1112864"]
[WhiteElo "2001"]
[BlackElo "1822"]
[Result "1-0"]
[Round "09"]
[TimeControl "180+2"]
[Date "2023.05.09"]
[WhiteClock "0:01:03"]
[BlackClock "0:00:17"]

1. d4 Nf6 2. Nf3 c5 3. d5 g6 4. c4 b5 5. cxb5 a6 6. b6 Qxb6 7. Nc3 Bg7 8. e4 d6 9. Be2 O-O 10. O-O Bg4 11. Nd2 Bxe2 12. Qxe2 Nbd7 13. Nc4 Qb4 14. Bd2 Nb6 15. Nxb6 Qxb6 16. Rab1 Nd7 17. b3 a5 18. a4 Qa6 19. Nb5 c4 20. Nc7 Qc8 21. Nxa8 Qxa8 22. Qxc4 Nc5 23. Be3 Rc8 24. Rfc1 Qb7 25. Qb5 Qa8 26. Bxc5 dxc5 27. Rxc5 Rxc5 28. Qxc5 h5 29. Rc1 Kh7 30. Qxe7 Qa6 31. d6 Qd3 32. d7 Qd2 33. Rf1 Bd4 34. Qxf7+ Kh6 35. Qf8+ Kh7 36. d8=Q Bxf2+ 37. Rxf2 Qe1+ 38. Rf1 Qe3+ 39. Kh1 1-0


[Site "https://www.chess.com"]

[Event "Titled Tuesday Blitz May 9 Early 2023"]
[White "Butti, Enrique"]
[Black "Todorovic, Bojan"]
[WhiteFideId "3700470"]
[BlackFideId "917087"]
[WhiteElo "2080"]
[BlackElo "2266"]
[Result "0-1"]
[Round "09"]
[TimeControl "180+2"]
[Date "2023.05.09"]
[WhiteClock "0:00:47"]
[BlackClock "0:01:46"]

1. d4 g6 2. e4 Bg7 3. c3 d6 4. f4 Nd7 5. Nf3 e5 6. fxe5 dxe5 7. Bc4 Qe7 8. O-O Ngf6 9. dxe5 Nxe5 10. Nxe5 Qxe5 11. Qb3 O-O 12. Bf4 Qc5+ 13. Kh1 Nxe4 14. Nd2 Nf2+ 15. Rxf2 Qxf2 16. Rf1 Qb6 17. Qd1 Be6 18. Bxe6 fxe6 19. Nc4 Qc6 20. Qe2 e5 21. Nxe5 Rae8 0-1


[Site "https://www.chess.com"]

[Event "Titled Tuesday Blitz May 9 Early 2023"]
[White "Jiganchine, Roman"]
[Black "Stead, Kerry"]
[WhiteFideId "2603667"]
[BlackFideId "3202577"]
[WhiteElo "2261"]
[BlackElo "1997"]
[Result "1-0"]
[Round "09"]
[TimeControl "180+2"]
[Date "2023.05.09"]
[WhiteClock "0:00:11"]
[BlackClock "0:00:00"]

1. e4 e5 2. Nf3 Nc6 3. Nc3 Nf6 4. Bb5 Bb4 5. O-O O-O 6. Bxc6 dxc6 7. d3 Re8 8. Ne2 h6 9. h3 Nh7 10. Nh2 Bc5 11. Kh1 Ng5 12. f4 exf4 13. Bxf4 Bd6 14. Qd2 Bxf4 15. Qxf4 Be6 16. h4 Nh7 17. Ng3 Qd6 18. Nf5 Qxf4 19. Rxf4 Nf8 20. Rf2 Rad8 21. a4 Bxf5 22. Rxf5 Ng6 23. h5 Ne5 24. Raf1 f6 25. b3 c5 26. g3 c6 27. Nf3 b5 28. axb5 cxb5 29. Nxe5 Rxe5 30. Rxe5 fxe5 31. Ra1 Rd7 32. Ra5 Rb7 33. Kg2 Kf7 34. Ra6 Rc7 35. Kf3 c4 36. dxc4 bxc4 37. b4 Rb7 38. c3 Rd7 39. Ke2 Ke8 40. Rc6 Rd3 41. Rxc4 Rxg3 42. Rc5 Rg5 43. Kd3 Rxh5 44. Kc4 Kd7 45. Ra5 Rg5 46. Kd5 Rg6 47. Rxa7+ Ke8 48. b5 h5 49. c4 h4 50. c5 h3 51. Ra3 Rh6 52. c6 h2 53. Ra8+ 1-0


[Site "https://www.chess.com"]

[Event "Titled Tuesday Blitz May 9 Early 2023"]
[White "Botez, Alexandra"]
[Black "Torres Dominguez, David"]
[WhiteFideId "2603365"]
[BlackFideId "2220857"]
[WhiteElo "2040"]
[BlackElo "1999"]
[Result "0-1"]
[Round "09"]
[TimeControl "180+2"]
[Date "2023.05.09"]
[WhiteClock "0:00:20"]
[BlackClock "0:00:19"]

1. d4 e5 2. dxe5 d6 3. exd6 Bxd6 4. Nc3 Nc6 5. Nf3 Bg4 6. e4 Qe7 7. Bd3 O-O-O 8. O-O Nf6 9. a3 Ne5 10. Bg5 Nxf3+ 11. gxf3 Bh3 12. Re1 h6 13. Bh4 g5 14. Bg3 Nh5 15. e5 Bc5 16. Qe2 Nf4 17. Qe4 Rd4 18. Qe3 Rxd3 19. Qc1 Rd7 20. Ne4 Nh5 21. b4 Nxg3 22. Nxc5 Nf5 23. Nxd7 Qxd7 24. Qe3 Kb8 25. Rad1 Qc6 26. Rd2 Nh4 27. Rd3 Re8 28. Red1 b6 29. Rc3 Qe6 30. a4 g4 31. f4 Nf3+ 32. Kh1 Qf5 33. a5 Qh5 34. axb6 Bg2+ 35. Kxg2 Qh3+ 36. Kh1 Qxh2# 0-1


[Site "https://www.chess.com"]

[Event "Titled Tuesday Blitz May 9 Early 2023"]
[White "Maluco_do_Natal_00"]
[Black "Clawitter, Craig"]
[BlackFideId "2023105"]
[WhiteElo "2031"]
[BlackElo "2237"]
[Result "0-1"]
[Round "09"]
[TimeControl "180+2"]
[Date "2023.05.09"]
[WhiteClock "0:00:00"]
[BlackClock "0:00:37"]

1. e4 e6 2. d4 d5 3. Nc3 Bb4 4. e5 c5 5. a3 Bxc3+ 6. bxc3 Ne7 7. Qg4 Qc7 8. Qxg7 Rg8 9. Qxh7 cxd4 10. Ne2 Nbc6 11. f4 dxc3 12. Qd3 d4 13. h4 b6 14. h5 Bb7 15. h6 O-O-O 16. h7 Rh8 17. Rh2 Nd5 18. Rb1 f5 19. exf6 Nxf6 20. Ng3 Rxh7 21. Rxh7 Qxh7 22. Qxh7 Nxh7 23. Bd3 Nf6 24. Ne4 Nxe4 25. Bxe4 Ne7 26. Bxb7+ Kxb7 27. Ke2 Rh8 28. Rb4 Nc6 29. Rb5 Rh1 30. Bb2 Rb1 31. Rh5 cxb2 32. Kd2 Rg1 0-1


[Site "https://www.chess.com"]

[Event "Titled Tuesday Blitz May 9 Early 2023"]
[White "Quirke, Jeffrey"]
[Black "Lwanga, Aguda"]
[WhiteFideId "2013029"]
[BlackFideId "10801529"]
[WhiteElo "2206"]
[BlackElo "1475"]
[Result "1-0"]
[Round "09"]
[TimeControl "180+2"]
[Date "2023.05.09"]
[WhiteClock "0:00:20"]
[BlackClock "0:00:00"]

1. e4 e5 2. Nf3 Nc6 3. Bb5 d6 4. d4 Bd7 5. d5 Nce7 6. Bxd7+ Qxd7 7. c4 Ng6 8. Nc3 Nf6 9. O-O Be7 10. Re1 O-O 11. h3 Ne8 12. Bd2 f5 13. exf5 Qxf5 14. Ne4 Nf4 15. Bxf4 Qxf4 16. Qe2 Nf6 17. Nfd2 Nxe4 18. Nxe4 Rf7 19. b4 Raf8 20. c5 h6 21. Rad1 Rf5 22. Qb5 dxc5 23. bxc5 b6 24. d6 cxd6 25. cxd6 Bd8 26. Qd5+ 1-0


[Site "https://www.chess.com"]

[Event "Titled Tuesday Blitz May 9 Early 2023"]
[White "Van Baar, Esper"]
[Black "Sanchez, Robert"]
[WhiteFideId "1049321"]
[BlackFideId "2034360"]
[WhiteElo "2155"]
[BlackElo "1876"]
[Result "1-0"]
[Round "09"]
[TimeControl "180+2"]
[Date "2023.05.09"]
[WhiteClock "0:00:33"]
[BlackClock "0:01:52"]

1. e4 e6 2. Nf3 d5 3. exd5 exd5 4. d4 Bd6 5. h3 Ne7 6. Bd3 c6 7. O-O Qc7 8. c3 Bf5 9. Re1 Bxd3 10. Qxd3 O-O 11. Nbd2 Nd7 12. Nf1 Nf6 13. Ne3 Ne4 14. c4 Nxf2 15. Kxf2 Bg3+ 16. Kg1 Bxe1 17. Nxe1 dxc4 18. Qxc4 Rad8 19. Nf3 Nd5 20. Nxd5 Rxd5 21. Be3 Re8 22. Bf2 Qf4 23. Re1 Rxe1+ 24. Bxe1 h6 25. Qe2 Kh7 26. Bd2 Qf5 27. Kh2 Rd6 28. Qe5 Qxe5+ 29. dxe5 Rd5 30. Kg3 g5 31. h4 gxh4+ 32. Kxh4 Kg6 33. Kg4 h5+ 34. Kf4 h4 35. Nxh4+ Kh5 36. Nf3 Rd3 37. Bc3 Rd1 38. Kf5 1-0


[Site "https://www.chess.com"]

[Event "Titled Tuesday Blitz May 9 Early 2023"]
[White "Kiseljova, Marya"]
[Black "Nastase, Robert-Paul"]
[WhiteFideId "4155009"]
[BlackFideId "1221175"]
[WhiteElo "1831"]
[BlackElo "2175"]
[Result "0-1"]
[Round "09"]
[TimeControl "180+2"]
[Date "2023.05.09"]
[WhiteClock "0:00:00"]
[BlackClock "0:00:03"]

1. d4 d5 2. c4 e6 3. Nf3 c6 4. g3 dxc4 5. Bg2 b5 6. O-O Nf6 7. a4 Bb7 8. b3 cxb3 9. Qxb3 a6 10. axb5 cxb5 11. Nc3 Nbd7 12. Ba3 Bxa3 13. Qxa3 Qe7 14. Nxb5 Qxa3 15. Nxa3 Ke7 16. Rfb1 Be4 17. Rb2 Rhb8 18. Nc4 Rxb2 19. Nxb2 a5 20. Nc4 a4 21. Nfd2 Bxg2 22. Kxg2 Nd5 23. e3 N7b6 24. Na3 Rc8 25. Ne4 Nc4 26. Nc5 Ncb6 27. Nb5 Ra8 28. Kf3 Ra5 29. Na3 Nc7 30. Ke2 Na6 31. Nb7 Rh5 32. h4 g5 33. hxg5 Rxg5 34. Rb1 Nd5 35. Rh1 h5 36. Kf3 Nf6 37. Rb1 Ng4 38. Ke2 Rf5 39. f3 Nh2 40. e4 Rxf3 41. Nc4 Rxg3 42. Rb6 Nc7 43. Nc5 Ne8 44. Rb7+ Kf8 45. Nd7+ Kg7 46. Ra7 Rc3 47. Nce5 Nd6 48. Nc5 Rc2+ 49. Kd3 Ra2 50. Nxe6+ Kf6 51. Nc5 a3 52. Kc3 Nb5+ 53. Kb3 Rb2+ 54. Ka4 Nxa7 55. Kxa3 Rb5 0-1


[Site "https://www.chess.com"]

[Event "Titled Tuesday Blitz May 9 Early 2023"]
[White "Ankudinova, Yelena"]
[Black "Ciuffoletti, Paolo"]
[WhiteFideId "13702114"]
[BlackFideId "807630"]
[WhiteElo "1937"]
[BlackElo "2143"]
[Result "1-0"]
[Round "09"]
[TimeControl "180+2"]
[Date "2023.05.09"]
[WhiteClock "0:00:06"]
[BlackClock "0:00:00"]

1. Nf3 d5 2. d4 Nf6 3. c4 c6 4. Qc2 dxc4 5. Qxc4 Bf5 6. Nbd2 e6 7. g3 Nbd7 8. Bg2 Be7 9. Nh4 Nb6 10. Qc3 Nfd5 11. Qf3 Bxh4 12. gxh4 Qxh4 13. e4 Bg4 14. Qg3 Qxg3 15. hxg3 Nb4 16. f3 Nc2+ 17. Kd1 Nxa1 18. b3 O-O-O 19. Bb2 e5 20. dxe5 Nxb3 21. axb3 Be6 22. Kc2 h5 23. f4 Bg4 24. e6 f6 25. f5 Na8 26. Rf1 Nc7 27. e5 fxe5 28. Bxe5 Nd5 29. Rf2 Ne3+ 30. Kc3 Nxg2 31. Rxg2 Rd5 32. Bxg7 Rhd8 33. e7 Re8 34. f6 Bf5 35. f7 Rd3+ 36. Kb4 1-0


[Site "https://www.chess.com"]